 Dungeon Sprint DCSS version 0.28.0-43-g3370ac3207 (webtiles) character file.

Game seed: 12926389510679594943

253 boopmooplesden the Cleaver (level 5, 0/87 HPs)
             Began as a Minotaur Berserker on Mar 18, 2022.
             Was a Believer of Trog.
             Slain by a slime creature (17 damage)
             ... in the Dungeon (Sprint I: "Red Sonja").
             The game lasted 00:00:35 (150 turns).

boopmooplesden the Cleaver (Minotaur Berserker)      Turns: 150, Time: 00:00:36

Health: 0/87       AC:  3    Str: 21    XL:     5   Next: 90%
Magic:  4/4        EV: 13    Int:  4    God:    Trog [**....]
Gold:   162        SH:  0    Dex: 12    Spells: 4/4 levels left

rFire   . . .      SeeInvis .   k - +0 scythe (vorpal)
rCold   . . .      Faith    .   (shield currently unavailable)
rNeg    . . .      Spirit   .   j - +0 leather armour
rPois   .          Reflect  .   (helmet restricted)
rElec   .          Harm     .   (no cloak)
rCorr   .          Rampage  .   (no gloves)
Will    .....      NoTele   +   (no boots)
Stlth   ..........              (no amulet)
HPRegen 0.24/turn               (no ring)
MPRegen 0.09/turn               (no ring)

@: berserking, very quick
A: horns 2, retaliatory headbutt
a: Renounce Religion, Berserk, Trog's Hand


You were in the Dungeon.
You worshipped Trog.
Trog was pleased with you.
You visited 1 branch You collected 162 gold pieces.

Inventory:

Hand Weapons
 a - a +0 hand axe
 k - a +0 vorpal scythe (weapon)
Armour
 b - a +0 animal skin
 j - a +0 leather armour (worn)
Wands
 i - a wand of iceblast (8)
Scrolls
 h - a scroll of blinking
Potions
 c - a potion of curing
 d - a potion of heal wounds
 e - a potion of haste
 f - 2 potions of magic
 g - a potion of berserk rage


   Skills:
 + Level 9.8 Fighting
 + Level 10.0 Axes
 + Level 5.4 Armour
 + Level 4.8 Dodging


You had 4 spell levels left.
You didn't know any spells.
Your spell library was empty.

Dungeon Overview and Level Annotations

Branches:
Dungeon (1/1)

Altars:
Makhleb
Xom
Jiyva
Lugonu


Innate Abilities, Weirdness & Mutations

You have a pair of horns on your head.
You reflexively headbutt those who attack you in melee.


Message History

You start resting.
You feel yourself speed up.
You start resting.
You recover from your berserk rage.
k - a +0 vorpal scythe (weapon)
As you open the door, it creaks loudly!
Found 54 gold pieces.
Found 54 gold pieces.
There is an open door here.
You now have 81 gold pieces (gained 27).
You now have 108 gold pieces (gained 27).
You now have 135 gold pieces (gained 27).
You now have 162 gold pieces (gained 27).
You open the door.
A slime creature comes into view.
Found four altars.
The slime creature quivers.
There is an open door here.
You slash the slime creature!
The slime creature is moderately wounded.
The slime creature misses you. You furiously retaliate!
You headbutt the slime creature! The slime creature hits you!
You barely miss the slime creature.
The slime creature is heavily wounded.
The slime creature closely misses you. You furiously retaliate!
You headbutt the slime creature. You barely miss the slime creature.
The slime creature is heavily wounded.
The slime creature hits you! The slime creature hits you.
You completely miss the slime creature.
The slime creature is heavily wounded.
The slime creature misses you. The slime creature hits you!
* * * LOW HITPOINT WARNING * * *
A red film seems to cover your vision as you go berserk!
You feel yourself moving faster!
You feel mighty! The slime creature hits you!
* * * LOW HITPOINT WARNING * * *
You barely miss the slime creature. You headbutt the slime creature!
The slime creature is severely wounded.
The slime creature hits you!
You die...

###################
#<.#..)..#..'..#__#
#..)..#..'[.#..@J.+
#..#####'#####+#__#
#..# #..# ### #..#
#### #..# #⌠⌠# ####


You could see a slime creature.

Vanquished Creatures
  Sigmund (D)
  An ogre (D)
  Ijyb (D)
3 creatures vanquished.

Notes
Turn   | Place    | Note
-------+----------+-------------------------------------------
     0 | D        | boopmooplesden the Minotaur Berserker began the quest for
                  | the Orb.
     0 | D        | Reached XP level 1. HP: 19/19 MP: 0/0
     1 | D        | Noticed Ijyb
     5 | D        | Killed Ijyb
     6 | D        | Reached skill level 5 in Fighting
     6 | D        | Reached skill level 5 in Axes
     6 | D        | Reached XP level 2. HP: 29/29 MP: 1/1
    48 | D        | Noticed an ogre
    51 | D        | Killed an ogre
    52 | D        | Reached skill level 7 in Axes
    52 | D        | Reached XP level 3. HP: 40/40 MP: 2/2
    52 | D        | Reached XP level 4. HP: 48/48 MP: 3/3
    93 | D        | Noticed Sigmund
    98 | D        | Killed Sigmund
    98 | D        | Reached ** piety under Trog
    99 | D        | Reached skill level 10 in Axes
    99 | D        | Reached skill level 5 in Armour
    99 | D        | Reached XP level 5. HP: 58/58 MP: 4/4
   143 | D        | Found a burning altar of Makhleb.
   143 | D        | Found a viscous altar of Jiyva.
   143 | D        | Found a shimmering altar of Xom.
   143 | D        | Found a corrupted altar of Lugonu.
   143 | D        | Noticed a slime creature
   150 | D        | Slain by a slime creature

Illustrated notes

Levels and vault maps discovered:
D:        dungeon_sprint_1 [red_sonja_temple_1, red_sonja_temple_small_1]

Skill      XL: |  1  2  3  4 |
---------------+-------------+-----
Fighting       | 5 7 9 |  9.8
Axes           | 5 7 10 | 10.0
Armour         | 3 4 5 |  5.4
Dodging        | 3 4 |  4.8

Action                   |  1- 3 |  4- 6 || total
-------------------------+-------+-------++-------
Melee: Hand axe          |     5 |     3 ||     8
       Headbutt          |     1 |     1 ||     2
       Scythe            |       |     5 ||     5
Invok: Berserk           |     2 |     2 ||     4
Dodge: Dodged            |     1 |     3 ||     4
